 Dungeon Crawl Stone Soup version 0.28-a0-1356-g2ad6d04315 (webtiles) character file.

Game seed: 11883868718777285815

806 croobank the Nimble (level 7, 0/34 HPs)
             Began as a Felid Berserker on Dec 30, 2021.
             Was a Believer of Trog.
             Succumbed to a scorpion's poison
             ... on level 5 of the Dungeon on Dec 31, 2021.
             The game lasted 00:32:15 (7114 turns).

croobank the Nimble (Felid Berserker)               Turns: 7114, Time: 00:32:16

Health: 0/34       AC:  4    Str: 15    XL:     7   Next: 60%
Magic:  8/8        EV: 21    Int:  7    God:    Trog [**....]
Gold:   148        SH:  0    Dex: 15    Spells: 6/6 levels left
                                        Lives:  0   Deaths: 2

rFire   . . .      SeeInvis +     - Unarmed
rCold   . . .      Faith    .   (shield unavailable)
rNeg    . . .      Spirit   .   (armour unavailable)
rPois   .          Reflect  .   (helmet unavailable)
rElec   .          Harm     .   (cloak unavailable)
rCorr   .          Rampage  .   (gloves unavailable)
Will    +....                   (boots unavailable)
Stlth   +++.......              (no amulet)
HPRegen 0.11/turn               (no ring)
MPRegen 0.11/turn               (no ring)

@: lethally poisoned (0 -> -31), about to teleport, quick
A: very small, claws 1, fangs 3, see invisible, speed 1, shaggy fur 2, stealthy
paws, no weapons or thrown items, no armour, multi-lived, iridescent scales 1,
dopey 1
a: Renounce Religion, Berserk, Trog's Hand


You were on level 5 of the Dungeon.
You worshipped Trog.
Trog was pleased with you.
You visited 1 branch of the dungeon, and saw 6 of its levels.

You collected 174 gold pieces.
You spent 26 gold pieces at shops.

Inventory:

Jewellery
 e - an amulet of guardian spirit
 g - a +6 ring of intelligence
Scrolls
 a - a scroll of teleportation
 b - 2 scrolls of fog
 c - 2 scrolls of enchant weapon
 d - a scroll of identify
 f - a scroll of torment


   Skills:
 + Level 6.1 Fighting
 + Level 8.1 Dodging
 - Level 5.0 Stealth
 + Level 6.1 Unarmed Combat


You had 6 spell levels left.
You didn't know any spells.
Your spell library was empty.

Dungeon Overview and Level Annotations

Branches:
Dungeon (6/15)             Temple (0/1) D:5

Altars:
Ashenzari
Cheibriados
Dithmenos
Ru
Trog
Uskayaw

Shops:
D:2 *


Innate Abilities, Weirdness & Mutations

You have sharp claws.
You have razor-sharp teeth.
You have supernaturally acute eyesight. (SInv)
You cover ground quickly. (Speed+)
You are covered in thick fur. (AC +2)
Your paws help you pounce on unaware monsters.
You are incapable of wielding weapons or throwing items.
You cannot wear armour.
You gain extra lives every three experience levels.
You are partially covered in iridescent scales. (AC +2)
You are dopey. (Int -2)


Message History

The gnoll barely misses you.
You claw the gnoll!
You kill the gnoll!
Trog accepts your kill.
You see here a +0 whip.
a - 2 scrolls of teleportation (gained 1)
Things that are here:
a +0 ring mail; a +0 short sword; an orc corpse
There is a stone staircase leading down, spattered with blood here.
You climb downwards.
There is a stone staircase leading up, spattered with blood here.
Things that are here:
a scroll of identify; a +0 trident; an orc corpse
d - a scroll of identify The scorpion barely misses you.
There is a stone staircase leading up, spattered with blood here.
The scorpion stings you.
You are poisoned.
The scorpion poisons you!
You climb upwards.
You feel very sick.
There is a stone staircase leading down, spattered with blood here.
You scratch the scorpion. You bite the scorpion.
The scorpion is lightly wounded.
You feel sick. The scorpion stings you.
You scratch the scorpion.
You bite the scorpion, but do no damage.
The scorpion is moderately wounded.
You feel sick. The scorpion stings you.
You are lethally poisoned!
The scorpion poisons you!
You aren't carrying any potions.
As you read the scroll of teleportation, it crumbles to dust.
You feel strangely unstable.
You feel very sick. The scorpion stings you.
* * * LOW HITPOINT WARNING * * *
You are more poisoned.
The scorpion poisons you!
You die...

######## #....... #.......
################ #.......
#............[.######.......
#..........@>s..............
#..........[.)..............
#..............######.......
#..............# ########
#..............# #####
#..............# #...#
#..............# #...#
#.(............# #...#
#..............# #...##


You could see a scorpion.

Vanquished Creatures
  An ice beast (D:5)
  A black bear (D:6)
  3 ogres
  2 sky beasts (D:5)
  A scorpion (D:5)
  3 hounds
  A bullfrog skeleton (D:4)
  Jessica (D:2)
  3 iguanas
  4 orc wizards
  A hound skeleton (D:5)
  A mummy (D:5)
  A howler monkey zombie (D:6)
  4 gnolls
  7 adders
  A white imp (D:5)
  An ufetubus (D:6)
  An adder zombie (D:5)
  2 adder skeletons (D:4)
  2 dart slugs (D:1)
  19 orcs
  5 ball pythons
  5 bats
  4 endoplasms
  2 giant cockroaches
  5 goblins
  9 hobgoblins
  7 jackals
  6 kobolds
  4 quokkas
  3 frilled lizards (D:1)
  A kobold zombie (D:5)
  2 quokka skeletons (D:4)
  5 rats
118 creatures vanquished.

Vanquished Creatures (others)
  2 plants (D:1)
2 creatures vanquished.

Grand Total: 120 creatures vanquished

Notes
Turn   | Place    | Note
-------+----------+-------------------------------------------
     0 | D:1      | croobank the Felid Berserker began the quest for the Orb.
     0 | D:1      | Reached XP level 1. HP: 10/10 MP: 2/2
   159 | D:1      | Reached skill level 1 in Stealth
   460 | D:1      | Reached XP level 2. HP: 14/14 MP: 3/3
  1052 | D:1      | Reached XP level 3. HP: 11/17 MP: 4/4
  1082 | D:1      | Reached ** piety under Trog
  1083 | D:1      | Found a faded altar of an unknown god.
  1699 | D:2      | Found Tatsocw's General Store.
  1722 | D:2      | Bought a scroll of identify for 26 gold pieces
  1913 | D:2      | Reached skill level 5 in Stealth
  2381 | D:2      | Noticed Jessica
  2389 | D:2      | Killed Jessica
  2390 | D:2      | Reached XP level 4. HP: 1/21 MP: 5/5
  2732 | D:3      | Found a hide-covered altar of Uskayaw.
  2732 | D:3      | Found a sacrificial altar of Ru.
  2784 | D:3      | HP: 1/21 [adder (2)]
  2785 | D:3      | Succumbed to an adder's poison
  2786 | D:3      | Reached XP level 3. HP: -1/17 MP: 4/4
  2934 | D:3      | Gained mutation: You are partially covered in iridescent
                  | scales. (AC +2) [potion of mutation]
  2934 | D:3      | Gained mutation: You are dopey. (Int -2) [potion of
                  | mutation]
  2937 | D:3      | Found a broken altar of Ashenzari.
  3087 | D:3      | Reached XP level 4. HP: 12/21 MP: 5/5
  3537 | D:4      | Noticed an ogre
  3554 | D:4      | Reached skill level 5 in Dodging
  3554 | D:4      | Reached XP level 5. HP: 12/25 MP: 6/6
  3786 | D:4      | Noticed an ogre
  3795 | D:4      | Killed an ogre
  3994 | D:4      | Found a bloodstained altar of Trog.
  4061 | D:4      | Gained mutation: You are covered in thick fur. (AC +2)
                  | [Felid growth]
  4061 | D:4      | Reached XP level 6. HP: 15/28 MP: 7/7
  4270 | D:4      | Reached skill level 6 in Dodging
  4594 | D:5      | Entered Level 5 of the Dungeon
  4786 | D:5      | Noticed an ice beast
  4834 | D:5      | Found a staircase to the Ecumenical Temple.
  4898 | D:5      | Noticed a sky beast
  4924 | D:5      | Killed a sky beast
  4925 | D:5      | Reached XP level 7. HP: 33/33 MP: 8/8
  4950 | D:5      | Reached skill level 5 in Fighting
  4950 | D:5      | Reached skill level 5 in Unarmed Combat
  5666 | D:5      | Reached skill level 7 in Dodging
  6197 | D:5      | Mangled by a mummy
  6198 | D:5      | Reached XP level 6. HP: -12/30 MP: 7/7
  6203 | D:6      | Found a shadowy altar of Dithmenos.
  6233 | D:6      | Reached XP level 7. HP: 34/34 MP: 8/8
  6811 | D:6      | Found a snail-covered altar of Cheibriados.
  6907 | D:6      | Reached skill level 8 in Dodging
  7114 | D:5      | Succumbed to a scorpion's poison

Illustrated notes

Levels and vault maps discovered:
D:1:      erik_arrival_blinker_ship, layout_basic,
          chequers_ecumenical_altar_simple_redux, serial_forest,
          infiniplex_forest_straight_2, infiniplex_forest_lined_corner,
          infiniplex_forest_clump_curved, infiniplex_forest_lined_room_2,
          infiniplex_forest_zigzag_1, infiniplex_forest_clump_small,
          infiniplex_forest_clump_double, infiniplex_forest_lined_1,
          grunt_decor_clamped
D:2:      layout_loops_ring, serial_shops, nicolae_shop_hallway_plus,
          kennysheep_jessica_study
D:3:      layout_basic, mainiacjoe_overflow_concentric_impassable,
          gammafunk_temple_overflow_statue, minmay_curled_crystal
D:4:      layout_gridville, lemuel_crystal_altar, hex_tiny
D:5:      layout_basic, minmay_temple_entry_statues_pillars,
          nicolae_ossuary_entry_giza
D:6:      layout_rooms, grunt_dithmenos_smoke_and_mirrors, cheibriados_altar_1,
          kennysheep_generic_room_4

Skill      XL: |  1  2  3  4  5  6  7 |
---------------+----------------------+-----
Stealth        | 2 4 5 |  5.0
Dodging        | 5 6 8 |  8.1
Fighting       | 4 6 |  6.1
Unarmed Combat | 4 6 |  6.1

Action                   |  1- 3 |  4- 6 |  7- 9 || total
-------------------------+-------+-------+-------++-------
Melee: Unarmed           |   106 |   139 |   145 ||   390
       Punch             |     2 |     3 |     7 ||    12
       Bite              |     7 |    12 |    15 ||    34
Invok: Berserk           |     1 |     4 |     2 ||     7
       Trog's Hand       |       |     3 |     1 ||     4
  Use: Scroll            |     4 |     3 |     6 ||    13
       Potion            |     1 |     4 |     3 ||     8
 Stab: Sleeping          |     6 |     5 |     2 ||    13
       Distracted        |       |       |     1 ||     1
Armor: Skin              |     3 |     3 |    14 ||    20
Dodge: Dodged            |    71 |   110 |   139 ||   320

Table legend: (Time is in decaauts)
 A = Elapsed time spent in this place.
 B = Non-inter-level travel time spent in this place.
 C = Inter-level travel time spent in this place.
 D = Time resting spent in this place.
 E = Time spent auto-exploring this place.
 F = Levels seen in this place.
 G = Mean time per level.
                   A        B        C        D        E       F      G
               +--------+--------+--------+--------+--------+-----+--------+
         Total |   6399 |   6309 |     90 |   2246 |   2499 |   6 | 1066.5 |
       Dungeon |   6399 |   6309 |     90 |   2246 |   2499 |   6 | 1066.5 |
               +--------+--------+--------+--------+--------+-----+--------+

Top non-repeatable levels by time:
     D:5: 1955 daAuts
     D:1: 1393 daAuts
     D:4: 1077 daAuts
     D:2: 833 daAuts
     D:3: 798 daAuts
     D:6: 342 daAuts
